 Dungeon Crawl Stone Soup version 0.23.2-1-ga50397a6bc (webtiles) character file.

Game seed: 11944914904684711286

37 MisterOstroum the Chiller (level 3, 0/21 HPs)
             Began as a Halfling Ice Elementalist on May 2, 2019.
             Succumbed to an adder's poison
             ... on level 2 of the Dungeon.
             The game lasted 00:07:41 (1821 turns).

MisterOstroum the Chiller (HaIE)                    Turns: 1821, Time: 00:07:42

Health: 0/21       AC:  2    Str:  6 (9)  XL:     3   Next: 62%
Magic:  0/6        EV: 15    Int: 13 (14) God:
Gold:   94         SH:  0    Dex: 13 (14) Spells: 3/6 levels left

rFire    . . .     SeeInvis .   i - +0 short sword
rCold    . . .     Gourm    .   (shield restricted)
rNeg     . . .     Faith    .   a - +0 robe
rPois    .         Spirit   .   (no helmet)
rElec    .         Reflect  .   (no cloak)
rCorr    .         Harm     .   (no gloves)
MR       .....                  (no boots)
Stlth    ++........             (no amulet)
HPRegen  0.07/turn              (no ring)
MPRegen  0.10/turn              (no ring)

@: lethally poisoned (0 -> -9), very slightly contaminated
A: small, mutation resistance 1
a: no special abilities


You were on level 2 of the Dungeon.
You were not hungry.

You visited 1 branch of the dungeon, and saw 2 of its levels.

You collected 94 gold pieces.

Inventory:

Hand Weapons
 f - a +0 hunting sling
 i - a +0 short sword (weapon)
Missiles
 g - 9 poisoned needles
 j - 29 stones (quivered)
Armour
 a - a +0 robe (worn)
 c - a +0 pair of boots
Scrolls
 b - 2 scrolls of identify {unknown}
 d - a scroll of enchant weapon {unknown}
 h - a scroll of teleportation {unknown}
 l - 3 scrolls of fog {unknown}
Comestibles
 e - a ration
 m - a chunk of flesh


   Skills:
 - Level 2.1 Dodging
 - Level 2.1 Stealth
 + Level 2.2 Spellcasting
 + Level 1.1 Conjurations
 + Level 3.6 Ice Magic


You had 3 spell levels left.
You knew the following spells:

 Your Spells              Type           Power        Failure   Level  Hunger
a - Freeze                Ice            ##..         5%          1    ##.....
b - Throw Frost           Conj/Ice       #.....       14%         2    ###....

Your spell library contained the following spells:

 Spells                   Type           Power        Failure   Level  Hunger
 Ozocubu's Armour         Chrm/Ice       #.......     34%         3    ####...
 Throw Icicle             Conj/Ice       #.......     67%         4    #####..
 Summon Ice Beast         Ice/Summ       #.......     75%         4    #####..


Dungeon Overview and Level Annotations

Branches:
Dungeon (2/15)

Altars:


Innate Abilities, Weirdness & Mutations

You are small and have problems with some larger weapons.
You are somewhat resistant to further mutation.


Message History

Casting: Freeze (safe; 5% risk of failure)
Confirm with . or Enter, or press ? or * to list all spells.
Aiming: Freeze (safe; 5% risk of failure)
Press: ? - help, Shift-Dir - straight line, f - bat
Aim: a bat You freeze the bat.
You kill the bat!
There isn't anything to butcher here.
l - 3 scrolls labeled ROFFIRASCHUR You see here a bat corpse.
You butcher the bat corpse.
m - a chunk of flesh You see here a bat skeleton.
A hobgoblin comes into view.
A hobgoblin is nearby!
An adder comes into view.
Found 3 gold pieces.
Casting: Freeze (safe; 5% risk of failure)
Confirm with . or Enter, or press ? or * to list all spells.
Aiming: Throw Frost (safe; 13% risk of failure)
Press: ? - help, Shift-Dir - straight line, f - hobgoblin
Aim: a hobgoblin (resting)
The puff of frost hits the hobgoblin.
You kill the hobgoblin!
Casting: Throw Frost (safe; 13% risk of failure)
Confirm with . or Enter, or press ? or * to list all spells.
Aiming: Throw Frost (safe; 13% risk of failure)
Press: ? - help, Shift-Dir - straight line, f - adder
Aim: an adder The puff of frost misses the adder.
Casting: Throw Frost (safe; 13% risk of failure)
Confirm with . or Enter, or press ? or * to list all spells.
Aiming: Throw Frost (safe; 13% risk of failure)
Press: ? - help, Shift-Dir - straight line, f/p - adder
Aim: an adder You miscast Throw Frost.
You are very lightly contaminated with residual magic.
Nothing appears to happen.
You closely miss the adder. The adder closely misses you.
You hit the adder.
The adder is lightly wounded.
The adder closely misses you. The adder misses you.
You barely miss the adder.
The adder is lightly wounded.
The adder misses you.
You hit the adder but do no damage.
The adder is lightly wounded.
The adder bites you but does no damage. The adder closely misses you.
You miss the adder.
The adder is lightly wounded.
The adder bites you but does no damage.
You barely miss the adder.
The adder is lightly wounded.
The adder bites you. x2
Casting: Throw Frost (safe; 13% risk of failure)
Confirm with . or Enter, or press ? or * to list all spells.
Aiming: Freeze (safe; 5% risk of failure)
Press: ? - help, Shift-Dir - straight line, f/p - adder
Aim: an adder (lightly wounded)
You freeze the adder.
The adder is moderately wounded.
The adder bites you.
You barely miss the adder.
The adder is moderately wounded.
The adder barely misses you.
You closely miss the adder.
The adder is moderately wounded.
The adder misses you. x2
You closely miss the adder.
The adder is moderately wounded.
The adder barely misses you.
You closely miss the adder.
The adder is moderately wounded.
The adder bites you but does no damage. The adder bites you.
You are poisoned.
The adder poisons you!
It was a potion of degeneration.
There was something very wrong with that liquid.
You feel weakened.
You feel dopey.
You feel clumsy.
You feel sick. The adder barely misses you.
You barely miss the adder.
The adder is moderately wounded.
The adder misses you. The adder bites you.
* * * LOW HITPOINT WARNING * * *
You are more poisoned.
The adder poisons you!
You miss the adder.
The adder is moderately wounded.
* * * LOW HITPOINT WARNING * * *
You feel sick. The adder bites you.
* * * LOW HITPOINT WARNING * * *
Casting: Freeze (safe; 5% risk of failure)
Confirm with . or Enter, or press ? or * to list all spells.
Aiming: Freeze (safe; 5% risk of failure)
Press: ? - help, Shift-Dir - straight line, f/p - adder
Aim: an adder (moderately wounded)
You freeze the adder.
The adder is heavily wounded.
The adder seems to slow down.
You die...

......... #........ ..
#.$.....# ...
####.......## . #.#
###............ .. #.#
#.......#...... ...##
#.###.#.##.##......
......#.##..#..S..).....#
......#[##....@.....#####
.............#....#.##
....................#
...............##.### ...
...(...........##.# ...
...............#..# ...
..........(....#..# #.#
..................#####.#
#####>....<..#......##.#


You could see an adder.

Vanquished Creatures
  An adder (D:1)
  A worm (D:2)
  A leopard gecko (D:1)
  3 bats
  2 giant cockroaches
  2 goblins (D:1)
  5 hobgoblins
  2 frilled lizards (D:1)
  3 kobolds (D:1)
  4 rats (D:1)
24 creatures vanquished.

Notes
Turn   | Place    | Note
-------+----------+-------------------------------------------
     0 | D:1      | MisterOstroum the Halfling Ice Elementalist began the quest
                  | for the Orb.
     0 | D:1      | Reached XP level 1. HP: 11/11 MP: 3/3
   364 | D:1      | Reached XP level 2. HP: 17/17 MP: 1/4
  1141 | D:1      | Learned a level 2 spell: Throw Frost
  1148 | D:1      | Reached XP level 3. HP: 7/21 MP: 1/6
  1365 | D:1      | Reached skill level 1 in Conjurations
  1820 | D:2      | HP: 1/21 [adder (3)]
  1821 | D:2      | Succumbed to an adder's poison

Skill      XL: |  1  2  3 |
---------------+----------+-----
Spellcasting   | 2 |  2.2
Conjurations   | 1 |  1.1
Dodging        | |  2.1
Stealth        | |  2.1
Ice Magic      | |  3.6

Action                   || total
-------------------------++-------
Melee: Unarmed           ||     4
       Short sword       ||    33
 Cast: Freeze            ||    40
       Throw Frost       ||     7
  Use: Potion            ||     1
 Stab: Sleeping          ||     2
  Eat: Chunk             ||     4
Armor: Robe              ||     7
Dodge: Dodged            ||    57
